 Dungeon Crawl Stone Soup version 0.21.0-24-g2553a33 (webtiles) character file.

1652 taran the Basher (level 9, -2/138 HPs)
             Began as an Ogre Berserker on Jan 20, 2018.
             Was an Elder of Trog.
             Slain by a sky beast (6 damage)
             ... on level 7 of the Dungeon.
             The game lasted 00:28:39 (6380 turns).

taran the Basher (Ogre Berserker)                   Turns: 6380, Time: 00:28:40

Health: -2/138     AC:  4    Str: 28    XL:     9   Next: 0%
Magic:  11/11      EV: 10    Int:  8    God:    Trog [****..]
Gold:   172        SH:  0    Dex: 11    Spells: 8/8 levels left

rFire    . . .     SeeInvis .   o - +0 giant club
rCold    . . .     Gourm    .   (shield currently unavailable)
rNeg     . . .     Faith    .   b - +0 animal skin
rPois    .         Spirit   .   (helmet restricted)
rElec    .         Reflect  .   u - +0 cloak
rCorr    .         Harm     .   (gloves unavailable)
MR       .....                  (boots unavailable)
Stlth    ..........             (no amulet)
HPRegen  0.33/turn              (no ring)
MPRegen  0.12/turn              (no ring)

@: berserking (expiring), very quick
A: large, unfitting armour, tough skin 1
a: Berserk, Trog's Hand, Brothers in Arms, Burn Spellbooks, Renounce Religion


You were on level 7 of the Dungeon.
You worshipped Trog.
Trog was greatly pleased with you.
You were near starving.

You visited 2 branches of the dungeon, and saw 8 of its levels.

You collected 252 gold pieces.
You spent 80 gold pieces at shops.

Inventory:

Hand Weapons
 a - a +0 mace
 o - a +0 giant club (weapon)
 E - a +2 whip of freezing
Missiles
 i - 7 javelins
 k - 225 stones (quivered)
 q - 23 poisoned needles
 r - a throwing net
 x - 4 curare-tipped needles
 y - 6 javelins of returning
Armour
 b - a +0 animal skin (worn)
 u - a +0 cloak (worn)
Jewellery
 z - an uncursed ring of fire
Wands
 A - a wand of paralysis (15)
Scrolls
 d - a scroll of noise {unknown}
 e - a scroll of amnesia {unknown}
 g - 4 scrolls of teleportation
 h - 4 scrolls of identify
 j - a scroll of enchant weapon {unknown}
 s - 3 scrolls of remove curse
 v - a scroll of fog {unknown}
Potions
 f - a potion of degeneration {unknown}
 l - 2 potions of brilliance {unknown}
 m - 3 potions of lignification {unknown}
 n - 4 potions of curing
 p - a potion of flight {unknown}
 t - a potion of ambrosia {unknown}
 w - a potion of berserk rage {unknown}
 B - 2 potions of might {unknown}
 C - a potion of mutation {unknown}
Comestibles
 c - 7 rations


   Skills:
 - Level 6.7 Fighting
 + Level 8.4 Maces & Flails
 - Level 3.2 Throwing
 - Level 2.6 Dodging
 - Level 3.1 Evocations


You had 8 spell levels left.
You didn't know any spells.

Dungeon Overview and Level Annotations

Branches:
Dungeon (7/15)             Temple (1/1) D:4

Altars:
Ashenzari
Cheibriados
Fedhas
Qazlal
Ru
Uskayaw
Wu Jian
Xom

Shops:
D:5 ?   D:7 !


Innate Abilities, Weirdness & Mutations

You are too large for most types of armour.
You have tough skin. (AC +1)


Message History

You closely miss something. Something hits you but does no damage.
You completely miss something. Something hits you but does no damage.
You bludgeon something!! Something hits you.
* * * LOW HITPOINT WARNING * * *
Something shocks you.
* * * LOW HITPOINT WARNING * * *
You take 9 damage, and have 15/138 hp.
You miss something. You barely miss something. Something completely misses you.
You miss something. Something hits you but does no damage.
You miss something. Something hits you but does no damage.
You closely miss something. Something hits you.
* * * LOW HITPOINT WARNING * * *
Something shocks you.
* * * LOW HITPOINT WARNING * * *
You take 9 damage, and have 8/138 hp.
You barely miss something. Something hits you.
* * * LOW HITPOINT WARNING * * *
Something shocks you.
You die...

# # ##.# # #. #.
....# #
./.#.#########...#.#
+
...........)@.O.....
#
........######...#.#
#.##.##.# ..# #. #.#
.# ##. #.# .. #..
#.# ## #.# #.# ###
#.# #.#
..#.###.###.#


You could see an ogre.

Vanquished Creatures
  Pikel (D:6)
  A sky beast (D:6)
  2 slaves (D:6)
  An ogre (D:3)
  A centaur (D:6)
  Blork the orc (D:6)
  2 bullfrogs
  3 hounds
  Crazy Yiuf (D:5)
  2 orc priests (D:6)
  A gnoll shaman (D:5)
  2 bullfrog skeletons
  Jessica (D:3)
  Natasha (D:3)
  2 orc wizards
  4 worker ants
  A killer bee zombie (D:6)
  3 gnolls (D:5)
  A worker ant zombie (D:6)
  11 adders
  An ooze (D:5)
  An adder zombie (D:6)
  An adder skeleton (D:6)
  2 worms (D:3)
  4 dart slugs
  2 leopard geckos
  9 orcs
  3 ball pythons
  2 giant cockroaches (D:1)
  13 hobgoblins
  11 jackals
  4 quokkas
  14 bats
  4 frilled lizards
  4 goblins
  8 kobolds
  A leopard gecko skeleton (D:6)
  4 rats
130 creatures vanquished.

Vanquished Creatures (others)
  A slave (D:6)
1 creature vanquished.

Grand Total: 131 creatures vanquished

Notes
Turn   | Place    | Note
-------+----------+-------------------------------------------
     0 | D:1      | taran the Ogre Berserker began the quest for the Orb.
     0 | D:1      | Reached XP level 1. HP: 24/24 MP: 1/1
   250 | D:1      | Reached XP level 2. HP: 31/33 MP: 2/2
   318 | D:1      | Reached skill level 5 in Fighting
   790 | D:2      | Reached XP level 3. HP: 40/42 MP: 3/3
   798 | D:2      | Reached skill level 1 in Throwing
   801 | D:2      | Found a shattered altar of Ashenzari.
   806 | D:2      | Reached ** piety under Trog
  1351 | D:2      | Reached XP level 4. HP: 39/52 MP: 4/4
  1815 | D:2      | Reached skill level 3 in Maces & Flails
  1937 | D:3      | Reached XP level 5. HP: 59/59 MP: 5/5
  2255 | D:3      | Noticed a hand axe
  2258 | D:3      | Noticed a dagger
  2259 | D:3      | Found a hide-covered altar of Uskayaw.
  2318 | D:3      | Noticed an ogre
  2329 | D:3      | Killed an ogre
  2329 | D:3      | Reached XP level 6. HP: 68/68 MP: 6/6
  2603 | D:3      | Reached *** piety under Trog
  2673 | D:3      | Reached skill level 4 in Maces & Flails
  2946 | D:3      | Noticed Natasha
  2950 | D:3      | Killed Natasha
  3074 | D:3      | Found a snail-covered altar of Cheibriados.
  3080 | D:3      | Noticed Jessica
  3101 | D:3      | Killed Jessica
  3127 | D:3      | Found an ornate altar of the Wu Jian Council.
  3418 | D:4      | Found a blossoming altar of Fedhas.
  3429 | D:4      | Found a stormy altar of Qazlal.
  3520 | D:4      | Found a staircase to the Ecumenical Temple.
  3535 | D:4      | Reached XP level 7. HP: 69/76 MP: 7/7
  3590 | Temple   | Entered the Ecumenical Temple
  3725 | D:4      | Reached skill level 5 in Maces & Flails
  4092 | D:5      | Entered Level 5 of the Dungeon
  4162 | D:5      | Received a gift from Trog
  4625 | D:5      | Found Tuce Dit's Magic Scroll Shoppe.
  4629 | D:5      | Bought a scroll of identify for 20 gold pieces
  4629 | D:5      | Bought a scroll of teleportation for 30 gold pieces
  4629 | D:5      | Bought a scroll of remove curse for 30 gold pieces
  4784 | D:5      | Found a shimmering altar of Xom.
  4828 | D:5      | Found a sacrificial altar of Ru.
  5025 | D:5      | Found a runed door.
  5029 | D:5      | Noticed Crazy Yiuf
  5039 | D:5      | Killed Crazy Yiuf
  5179 | D:6      | Reached skill level 6 in Maces & Flails
  5329 | D:6      | Noticed Blork the orc
  5337 | D:6      | Killed Blork the orc
  5417 | D:6      | Reached XP level 8. HP: 58/84 MP: 8/8
  5689 | D:6      | Reached **** piety under Trog
  5689 | D:6      | Reached skill level 7 in Maces & Flails
  5755 | D:6      | Reached skill level 1 in Evocations
  5772 | D:6      | Noticed Pikel
  5889 | D:6      | Killed Pikel
  5984 | D:6      | Reached skill level 8 in Maces & Flails
  6274 | D:7      | Found Deelaofa's Distillery.
  6357 | D:7      | Reached XP level 9. HP: 86/92 MP: 11/11
  6380 | D:7      | HP: 4/138 [something (4)]
  6380 | D:7      | Slain by a sky beast

Skill      XL: |  1  2  3  4  5  6  7  8 |
---------------+-------------------------+-----
Fighting       | 5 6 |  6.7
Throwing       | 1 2 3 |  3.2
Maces & Flails | 3 4 6 8 |  8.4
Evocations     | 3 |  3.1
Dodging        | |  2.6

Action                   |  1- 3 |  4- 6 |  7- 9 || total
-------------------------+-------+-------+-------++-------
Melee: Mace              |   129 |    68 |       ||   197
       Giant club        |       |   101 |   157 ||   258
Throw: Stone             |    55 |   103 |    68 ||   226
       Javelin           |     2 |     4 |    17 ||    23
Invok: Berserk           |     1 |     8 |     6 ||    15
       Trog's Hand       |     1 |     1 |       ||     2
  Eat: Chunk             |     2 |    12 |    10 ||    24
       Ration            |       |     1 |     1 ||     2
Armor: Animal skin       |    38 |    54 |    24 ||   116
Dodge: Dodged            |    67 |   138 |    60 ||   265
